Map: Frozen Temple

Players

VileSynC - Winner!

  • Race: Zerg Zerg
  • League: Grandmaster
  • Spawn Location: 11:00

MystiC

  • Race: Terran Terran
  • League: Grandmaster
  • Spawn Location: 5:00

VOD

Have the link to the VOD?

Description

Time

  • Played on: Nov. 21, 2016, 3:38 p.m.
  • Length: 5:37
Show
View Real Time Build Order
Export as new Build Order

VileSynC Zerg - Winner!

Build Orders: Pool First, Zergling Baneling 

Get SALT Encoding   

  12  0:00  Drone  
  13  0:12  Overlord  
  13  0:19  Drone  
  14  0:31  Drone x2  
  16  0:39  Drone  
  17  0:45  Extractor  
  17  0:46  Spawning Pool  
  16  0:50  Drone  
  16  0:56  Drone  
  17  1:15  Hatchery  
  16  1:18  Drone  
  16  1:23  Drone  
  18  1:35  Queen  
  20  1:44  Zergling x2  
  21  1:48  Metabolic Boost  
  21  1:51  Drone  
  22  1:56  Overlord  
  22  2:03  Extractor  
  22  2:05  Zergling x2  
  22  2:14  Zergling x2, Queen  
  26  2:23  Zergling x2  
  26  2:28  Queen  
  29  2:36  Overlord  
  29  2:40  Zergling x4  
  31  2:50  Zergling x6  
  33  3:05  Zergling x6  
  35  3:08  Overlord, Queen  
  37  3:19  Zergling x2  
  37  3:20  Drone  
  37  3:23  Drone  
  39  3:27  Drone x3  
  41  3:35  Drone x2  
  41  3:40  Baneling Nest  
  42  3:43  Zergling x2  
  43  3:53  Zergling x2  
  43  3:54  Zergling x6  
  47  4:01  Zergling x2  
  48  4:14  Zergling x10  
  51  4:21  Zergling x2  
  51  4:24  Overlord  
  51  4:30  Overlord  
  51  4:39  Baneling  
  51  4:40  Baneling x7  
  51  4:43  Zergling x2  
  51  4:44  Zergling x6  
  51  4:45  Zergling x4  
  55  4:54  Zergling x4  
  57  5:00  Zergling x2  
  58  5:10  Zergling x4  
  55  5:15  Zergling x2  
Show
View Real Time Build Order
Export as new Build Order

MystiC Terran 

Build Orders:  

Get SALT Encoding   

  12  0:00  SCV  
  13  0:13  SCV  
  14  0:18  Supply Depot  
  14  0:25  SCV  
  15  0:40  SCV  
  16  0:42  Barracks  
  16  0:44  Refinery  
  16  0:52  SCV  
  17  1:00  Barracks  
  17  1:04  SCV  
  18  1:16  SCV  
  19  1:21  Barracks  
  19  1:30  Reaper  
  20  1:38  Orbital Command  
  20  1:43  Refinery  
  20  1:48  Reaper  
  21  1:56  Supply Depot  
  21  2:04  Reaper  
  21  2:06  SCV  
  23  2:17  Reaper  
  23  2:18  SCV  
  25  2:30  SCV  
  25  2:33  Reaper  
  27  2:37  Supply Depot  
  27  2:42  SCV  
  28  2:48  Reaper  
  29  2:52  Reaper  
  29  3:05  Reaper  
  30  3:09  SCV  
  31  3:17  Command Center  
  31  3:20  Reaper  
  31  3:21  SCV  
  31  3:24  Reaper  
  34  3:29  Supply Depot  
  34  3:37  Reaper  
  34  3:38  SCV  
  36  3:50  SCV  
  36  3:52  Reaper  
  38  3:56  Reaper  
  39  4:04  Command Center  
  39  4:14  Reaper  
  38  4:24  Reaper  
  38  4:25  SCV  
  38  4:29  Reaper  
  38  4:30  Orbital Command  
  41  4:36  Refinery  
  41  4:38  SCV  
  42  4:50  SCV  
  43  4:55  Barracks Tech Lab  
  43  4:57  SCV  
  43  4:58  Barracks Reactor, Engineering Bay x2  
  44  5:01  Barracks Reactor  
  44  5:02  SCV  
  45  5:10  Marine  
  40  5:14  SCV  
  32  5:32  Bunker  
Tags
 
Add a new tag
Caveats
  • Supply blocks, unpowered buildings, or Contaminate may cause inaccurate times.
  • Supply counts are checked every 10 seconds.